← All builds
Tech / Armada / Economy first / OBSERVED BUILD

Standard tech

Armada Tech (Eco) build order · Supreme Isthmus

Rushes T2 by 4:15, gets Advanced Metal Extractor around 5:28, hands off T2 constructors to Geo and the team, then scales eco and supplies the team's T2 needs through the rest of the game.

Usually first T2 con to Geo (83%)

#eco #t2 #team support · 1602 distinct matches · 255 players · 60% of Armada Tech games · team won 53% of 1912 · Recently observed

HOW TO PLAY IT

Key timing: T2 factory by 4:15

  1. Open 3 mex and heavy wind to fund a fast T2 rush.
  2. Put down Bot Lab, planning to eat it for reclaim soon after.
  3. Get Advanced Bot Lab up, hitting the T2 factory rush timing.
  4. Upgrade mex to Advanced Metal Extractor to lock in team metal income.
  5. Eat Advanced Bot Lab and keep sending cons to Geo and Pond.

Phase by phase

TYPICAL OF ITS 1602 GAMES
  1. 1
  2. 2
  3. 3
  4. 4
PLAY THE OPENING

Follow the example game's first 6:00 step by step: what to build now, what comes next, and where it goes. At 1× it keeps pace with your own game.

  1. 1

    Up to the Bot Lab

    Economy
    • Metal Extractor3Mex
    • Wind Turbine4Wind
    Order
    1. Bot LabBot Lab after 3 mex, 4 winddone ~1:18, middle half 1:13–1:32

    Some games also: energy storage (31%)

    By 1:01 in all: 3 mex · 4 wind

    The example game in this phase · 3 steps
    1. Mex ×3
    2. Wind ×4
    3. Bot LabBot Labdone 1:16 · typical 1:18
  2. 2

    Bot Lab to Advanced Bot Lab

    Economy
    • Metal Extractor1Mex
    • Wind Turbine8Wind
    • Energy Storage1Energy storage
    Order
    1. Advanced Bot LabAdvanced Bot Lab after 4 mex, 12 wind, 3 con turretdone ~4:16, middle half 4:04–4:30
    Builders
    • Construction Turret3 Con turret
    • Lazarus3 Lazarus
    • Construction Bot2 Con bot
    • Construction Bot1 Con bot for allies

    Some games also: converter (36%)

    By 3:18 in all: 4 mex · 12 wind · 1 energy storage · 3 con turret

    The example game in this phase · 17 steps
    1. LazarusLazarus
    2. Construction BotCon bot
    3. Wind ×2
    4. Construction BotCon botfor Air
    5. LazarusLazarus
    6. Construction BotCon bot
    7. Wind
    8. Mex
    9. LazarusLazarus
    10. Wind
    11. Con turret
    12. LazarusLazarus ×2
    13. Con turret
    14. Wind
    15. Energy storage ×2
    16. Wind ×2
    17. Advanced Bot LabAdvanced Bot Labdone 4:26 · typical 4:16
  3. 3

    Advanced Bot Lab to 5:00

    Economy
    • Wind Turbine3Wind
    Order
    1. Bot LabEat Bot Lab
    Builders
    • Advanced Construction Bot1 T2 con bot for allies

    Some games also: converter (35%)

    By 5:00 in all: 4 mex · 15 wind · 1 converter · 1 energy storage · 3 con turret

    The example game in this phase · 9 steps
    1. Wind
    2. Bot LabEat Bot Labreclaimed for its metal
    3. Converter ×2
    4. Wind ×5
    5. Advanced Construction BotT2 con botfor Geo
    6. Advanced Metal ExtractorT2 mexnot finished by 15:00 · typical 5:29
    7. Advanced Construction BotT2 con botfor Air
    8. FatboyFatboyfor Ponddone 5:50
    9. Advanced Metal ExtractorT2 mex
  4. 4

    5:00 to 10:00

    Economy
    • Wind Turbine43Wind
    • Energy Converter6Converter
    Builders
    • Butler9 Butler
    • Advanced Construction Bot4 T2 con bot for allies
    • Advanced Construction Bot1 T2 con bot

    Some games also: con turret (43%) · Butler for allies (37%)

    By 10:00 in all: 4 mex · 58 wind · 8 converter · 1 energy storage · 3 con turret

    The example game in this phase · 213 steps
    1. Advanced Construction BotT2 con botfor Pond
    2. Advanced Construction BotT2 con bot
    3. Advanced Metal ExtractorT2 mex
    4. Advanced Construction BotT2 con bot
    5. Advanced Metal ExtractorT2 mex
    6. ButlerButler ×2
    7. Advanced Metal ExtractorT2 mex
    8. Advanced Construction BotT2 con botfor Beach sea
    9. Wind ×5
    10. ButlerButler
    11. Wind
    12. Advanced Construction BotT2 con botfor Geo sea
    13. Wind
    14. ButlerButler ×3
    15. Advanced Construction BotT2 con botfor Geo
    16. Wind ×2for Geo
    17. ButlerButler
    18. Wind ×2for Geo
    19. ButlerButler
    20. Windfor Geo
    21. Wind
    22. ButlerButler
    23. Wind ×2for Geo
    24. Wind
    25. Windfor Geo
    26. Fusion ReactorFusionnot finished by 15:00
    27. ButlerButlerfor Geo
    28. Wind ×3for Geo
    29. Wind
    30. Converter
    31. Windfor Geo
    32. Wind
    33. Converter
    34. Wind ×3
    35. Converter
    36. Wind ×2
    37. ButlerButlerfor Geo
    38. Converter
    39. Wind ×3
    40. Converter
    41. ButlerButlerfor Geo
    42. Wind ×3
    43. Converter
    44. Wind
    45. ButlerButlerfor Geo
    46. Wind ×2
    47. Converter
    48. Wind ×2
    49. ButlerButler
    50. Wind
    51. Converter
    52. Wind ×2
    53. ButlerButler
    54. Wind
    55. Converter
    56. Wind ×3
    57. Converter
    58. Wind
    59. ButlerButler
    60. Wind ×2
    61. Converter
    62. Wind
    63. ButlerButler
    64. Wind ×2
    65. Converter
    66. Wind ×3
    67. UmbrellaAnti-nukenot finished by 15:00
    68. Wind
    69. Converter
    70. Wind ×2
    71. PlatypusPlatypus
    72. Wind
    73. ButlerButler
    74. Wind ×2
    75. Converter
    76. Wind ×3
    77. ButlerButler
    78. Wind ×2
    79. Converter
    80. Wind ×2
    81. Con turret
    82. Wind
    83. ButlerButler
    84. Converter
    85. Wind ×4
    86. Converter
    87. Wind
    88. ButlerButler
    89. Wind ×3
    90. Converter
    91. Wind ×2
    92. ButlerButler
    93. Converter
    94. Wind ×4
    95. Converter
    96. Wind
    97. Advanced Construction BotT2 con bot
    98. Wind ×4
    99. Converter
    100. Wind ×3
    101. Converter
    102. Wind ×3
    103. Converter
    104. Wind ×2
    105. Converter
    106. PlatypusPlatypus
    107. Wind ×2
    108. Converter
    109. Wind ×2
    110. Converter
    111. Wind ×2
    112. Converter
    113. Wind ×3
    114. PlatypusPlatypus
    115. Converter
    116. Wind
    117. Con turret
    118. Wind
    119. Converter
    120. Wind ×3
    121. Converter
    122. Wind ×2
    123. Converter
    124. Wind ×2
    125. Converter
    126. Wind ×2
    127. PlatypusPlatypus
    128. Converter
    129. Wind ×3
    130. Converter
    131. Con turret
    132. Wind ×2
    133. Converter
    134. Wind
    135. PlatypusPlatypus
    136. Wind ×2
    137. Converter
    138. Wind ×3
    139. Converter
    140. Wind
    141. PlatypusPlatypus
    142. Converter
    143. Wind ×4
    144. Converter
    145. Wind
    146. Converter
    147. Wind
    148. PlatypusPlatypus
    149. Wind ×3
    150. Converter
    151. Wind
    152. Converter
    153. Wind ×4
    154. PlatypusPlatypus
    155. Converter
    156. Wind ×2
    157. Con turret
    158. Converter
    159. Wind ×2
    160. Converter
    161. Wind
    162. PlatypusPlatypus
    163. Wind
    164. Converter
    165. Wind ×2
    166. Converter
    167. Wind ×4
    168. PlatypusPlatypus
    169. Converter
    170. Wind ×2
    171. Converter
    172. Con turret
    173. Wind
    174. Converter
    175. Wind ×3
    176. PlatypusPlatypus
    177. Wind ×2
    178. Converter ×2
    179. Wind ×3
    180. PlatypusPlatypus
    181. Wind ×3
    182. Converter ×2
    183. Wind ×2
    184. PlatypusPlatypus
    185. Wind
    186. Converter
    187. Wind
    188. Converter
    189. Wind ×4
    190. Converter
    191. Wind
    192. PlatypusPlatypus
    193. Converter
    194. Wind ×3
    195. Converter ×2
    196. Wind ×3
    197. PlatypusPlatypus
    198. Converter
    199. Wind ×2
    200. Converter
    201. Wind ×4
    202. PlatypusPlatypus
    203. Converter
    204. Wind
    205. Converter
    206. Wind ×4
    207. PlatypusPlatypus
    208. Wind
    209. Converter ×2
    210. Wind ×4
    211. Converter ×2
    212. PlatypusPlatypus
    213. Wind ×6

Counts are medians over the build's games: half of them build more, half fewer. The example game is SK0NK's (33 OS, 07/08/2026); pick another.

Team trades

IN AT LEAST 30% OF ITS GAMES

You hand over

  • Construction Bot1 Con bot to Airfirst at 2:23 · in 84% of games
  • Advanced Construction Bot5 T2 con bot to Air or Geo sea or Pondfirst at 4:50 · in 99% of games
  • Butler2 Butler to Geo sea or Beach sea or Pondfirst at 9:06 · in 42% of games

You get

  • Hercules1 Light transport from Airfirst at 4:01 · in 86% of games

How it plays out

Typical game of this build, running totals by minute

Metal produced

020k40k
0:005:0010:0015:00

metal

Enemy metal destroyed

050100150
0:005:0010:0015:00

metal

Own metal lost

050100150
0:005:0010:0015:00

metal

1912 games.

Show as table
ByMetal produced: This buildEnemy metal destroyed: This buildOwn metal lost: This build
1:0038300
2:0091500
3:00165200
4:00314400
5:00484800
6:00579900
7:00722700
8:00906500
9:001118000
10:001352000
11:001624200
12:001965200
13:002343000
14:0027286074
15:0031503108130
WHAT THE NUMBERS SAY

Standard Tech play barely fights at all early, instead pouring metal into T2 infrastructure and constructors for the team.

  • + Metal produced hits 31679 by 15:00, by far the highest of any role here.
  • + T2 factory reached in 97% of games by 4:15, fastest and most reliable T2 timing.
  • − Enemy metal destroyed stays at 0 through 10:00, no early offense at all.
  • − Own metal lost also near 0, showing total avoidance of combat risk.
THE EXAMPLE YOU ARE READING

SK0NK

32.9 OS · 07/08/2026

Open source match ↗

1 received units
2483 metal received · 76552 energy received

Allied construction assistance is unknown. Timings are observations, not a promise of solo reproducibility.

Typical milestones

Bot Lab1:18Middle 50%: 1:13–1:32 · n=1912
Advanced Bot Lab4:16Middle 50%: 4:04–4:30 · n=1905
Advanced Metal Extractor5:29Middle 50%: 5:05–5:59 · n=1908

Played most by

Amrissa97games of this buildTheGeneraI70games of this buildAdeus57games of this buildEl_Turco55games of this buildKOT_44games of this build